[Event "*** MasterClass Titled Tuesday Blitz"]
[Site "Chess.com"]
[Date "2017.12.05"]
[Round "10"]
[White "Grebeniuk-S"]
[Black "JSPrepz"]
[Result "1/2-1/2"]
[WhiteElo "2402"]
[BlackElo "2559"]
[TimeControl "180+2"]
[EndTime "16:38:10 PST"]
[Termination "Game drawn by 50-move rule"]

1. d4 Nf6 2. Nf3 c5 3. e3 g6 4. b3 Bg7 5. Bb2 O-O 6. dxc5 Qa5+ 7. Nbd2 Qxc5 8. c4 Nc6 9. Be2 d6 10. O-O e5 11. a3 Qa5 12. b4 Qc7 13. Rc1 a5 14. b5 Nd8 15. c5 dxc5 16. Bxe5 Qd7 17.
Rxc5 Ne6 18. Rc1 Qe7 19. Nc4 Rd8 20. Qc2 Ng4 21. Bxg7 Kxg7 22. Nb6 Rb8 23. a4 Qd6 24. Nc4 Qc7 25. h3 Nf6 26. Qb2 Qe7 27. Nxa5 Bd7 28. Nc4 Rbc8 29. Nb6 Rxc1 30. Rxc1 Be8 31. Nc4 h6 32.
Nce5 Kg8 33. a5 Ne4 34. a6 bxa6 35. Nc6 Bxc6 36. bxc6 N6c5 37. Nd4 Qf6 38. Bf1 Na4 39.
Qc2 Nac3 40. f3 Qg5 41. fxe4 Qxe3+ 42. Kh1 Nxe4 43. Nf3 Qf4 44. c7 Rc8 45. Re1 Ng3+ 46. Kg1 Rxc7 47. Qf2 Nf5 48. Ne5 Qb4 49. Bxa6 Re7 50.
Bd3 Nd4 51. Re4 Qd6 52. Qxd4 Qxd4+ 53. Rxd4 Rxe5 54. Kf2 Kg7 55. Bc4 Re7 56. Be2 h5 57. Bf3 Rc7 58. Rd2 Ra7 59. Rb2 Rc7 60. Rb7 Rc5 61.
Ke3 Re5+ 62. Kd4 Rf5 63. Be4 Rf4 64. Ke5 Rf6 65. Bd5 Rf5+ 66. Ke4 Rf2 67. Ke3 Rf5 68. Be4 Rf6 69. Rd7 Ra6 70. Bd5 Rf6 71. g3 Rf5 72. g4 hxg4 73. hxg4 Rf1 74. Bf3 Re1+ 75. Kf4 Re6 76.
g5 Re1 77. Ra7 Rf1 78. Kg3 Re1 79. Bd5 Rf1 80. Bf3 Re1 81. Ra4 Re5 82. Kf4 Rf5+ 83. Kg4 Re5 84. Rf4 Ra5 85. Bc6 Re5 86. Re4 Rc5 87. Be8 Rf5 88. Bd7 Rd5 89. Bc6 Rd6 90. Rc4 Rd1 91. Rc5 Rg1+ 92. Kf4 Rf1+ 93. Ke4 Re1+ 94. Kd5 Re3 95. Kd6 f6 96. gxf6+ Kxf6 97. Bd5 g5 98. Rc7 g4 99. Rf7+ Kg5 100. Rf8 g3 101.
Rg8+ Kf4 102. Rf8+ Kg4 103. Be6+ Kg5 104. Rg8+ Kf4 105. Bd5 Re1 106. Kc5 Rc1+ 107. Kd6 Re1 108. Rg7 Rd1 109. Ke6 Re1+ 110. Kd6 Rd1 111. Rf7+ Kg5 112. Ke5 Re1+ 113. Be4 Kg4 114. Rg7+ Kh3 115. Kf4 Kh2 116. Bf3 Kg1 117. Kxg3 Re8 118. Rh7 Rg8+ 119. Bg4 Rf8 120. Rd7 Rf6 121. Rd1+ Rf1 122. Rd2 Rf8 123. Ra2 Rf7 124. Bf3 Rg7+ 125. Kf4 Rf7+ 126. Ke3 Re7+ 127. Be4 Re8 128. Rg2+ Kf1 129. Rh2 Rg8 130. Bf3 Re8+ 131. Be4 Rg8 132. Rh1+ Rg1 133. Rh2 Rg8 134. Bd5 Rg7 135. Kf3 Kg1 136. Ra2 Rg5 137. Be4 Rg7 138. Ke3 Rf7 139. Ra1+ Rf1 140. Ra2 Rf7 141. Rg2+ Kf1 142. Rg6 Rf8 143. Bc6 Ke1 144. Rg1+ Rf1 145. Rg2 Rf6 146. Bd5 Rf5 147. Be4 Rf6 148. Rh2 Rf7 149. Bd3 Re7+ 150. Kd4 Rd7+ 151. Kc3 Rc7+ 152. Bc4 Rd7 153. Re2+ Kd1 154. Rf2 Re7 155. Bd3 Rc7+ 156. Bc4 Re7 157. Rh2 Re8 158. Bb5 Re7 159. Kb3 Ke1 160. Bd3 Re8 161. Ra2 Re7 162. Kc3 Re8 163. Bb5 Re7 164. Kd4 Re6 165. Bc4 Re7 166. Rh2 Re8 167. Bd5 Re7 1/2-1/2